 Dungeon Crawl Stone Soup version 0.31-a0-1176-gb7303255ee (webtiles) character file.

Game seed: 11881535614077361981

19 Namira the Caller (level 2, 0/19 HPs)
             Began as a Human Summoner on Dec 11, 2023.
             Slain by a gnoll
             ... wielding a +0 spear
              (6 damage)
             ... on level 2 of the Dungeon.
             The game lasted 00:09:07 (1818 turns).

Namira the Caller (Human Summoner)                  Turns: 1818, Time: 00:09:08

Health: 0/19       AC:  2    Str:  8    XL:     2   Next: 95%
Magic:  4/5        EV: 12    Int: 15    God:
Gold:   109        SH:  0    Dex: 13    Spells: 4/5 levels left

rFire   . . .        d - staff of cold
rCold   + . .        (no shield)
rNeg    . . .        a - +0 robe
rPois   .            (no helmet)
rElec   .            (no cloak)
rCorr   .            (no gloves)
SInv    .            (no boots)
Will    .....        (no amulet)
Stlth   ++           (no ring)
HPRegen 0.23/turn    (no ring)
MPRegen 0.09/turn

%: no passive effects
@: no status effects
A: no striking features
a: no special abilities


You were on level 2 of the Dungeon.
You visited 1 branch of the dungeon, and saw 2 of its levels.

You collected 109 gold pieces.

Inventory:

Armour
 a - a +0 robe (worn)
Magical Staves
 d - a staff of cold (weapon)
Potions
 b - a potion of magic


   Skills:
 + Level 2.0 Dodging
 + Level 2.3 Stealth
 + Level 2.0 Spellcasting
 + Level 4.5 Summonings


You had 4 spell levels left.
You knew the following spells:

 Your Spells              Type           Power      Damage    Failure   Level
a - Summon Small Mammal   Summ           60%        N/A       3%          1

Your spell library contained the following spells:

 Spells                   Type           Power      Damage    Failure   Level
 Call Imp                 Summ           30%        N/A       5%          2
 Call Canine Familiar     Summ           15%        N/A       11%         3
 Summon Guardian Golem    Hex/Summ       8%         N/A       26%         3
 Summon Lightning Spire   Summ/Air       8%         N/A       65%         4


Dungeon Overview and Level Annotations

Branches:
Dungeon (2/15)

Altars:


Message History

The hobgoblin hits you.
Your rat barely misses the hobgoblin.
You barely miss the hobgoblin. The hobgoblin closely misses you.
Your rat barely misses the hobgoblin.
You barely miss the hobgoblin. The hobgoblin hits you.
Your rat bites the hobgoblin.
You hit the hobgoblin.
You kill the hobgoblin!
Your rat disappears in a puff of smoke!
A gnoll comes into view. It is wielding a +0 spear.
Found a robe.
Found a stone staircase leading up.
The gnoll hits you with a +0 spear.
You swap places.
Your quokka bites the gnoll.
The gnoll hits you from afar with a +0 spear.
Your quokka bites the gnoll.
The gnoll closely misses your quokka.
Your quokka barely misses the gnoll.
The gnoll hits your quokka with a +0 spear!
Your quokka dies!
Your quokka's corpse disappears in a puff of smoke!
Your bat barely misses the gnoll. x2
The gnoll hits your bat with a +0 spear!
Your bat dies!
Your bat's corpse disappears in a puff of smoke!
You miscast Summon Small Mammal.
You are very lightly contaminated with residual magic.
Nothing appears to happen.
The gnoll closely misses you. The gnoll barely misses you.
You barely miss the gnoll.
The gnoll is heavily wounded.
The gnoll hits you with a +0 spear!
Your magical contamination has completely faded away.
You are too injured to fight recklessly!
You hit the gnoll.
The gnoll is severely wounded.
The gnoll hits you with a +0 spear.
* * * LOW HITPOINT WARNING * * *
You hit the gnoll but do no damage.
The gnoll is severely wounded.
The gnoll hits you with a +0 spear.
You die...

##.# ..#.####### .#.#
#.#........# ...##
#.#..#####.# ....#
#.#..#..... .#..#
#.#.....# .#..#
#.......# .#..#
#####.......# .#..##
#......g....# .#...#
#.####.@....# .#.#.##
#.#.#.......#
.#.#..####.#.........#
.#.##......#.......#.#
.#. #####..####....#.#
.#. ##...##....#.# .#.
#...........# .##
###.######## ## ...


You could see a gnoll.

Vanquished Creatures
  2 hobgoblins
  A kobold (D:1)
  2 bats (D:1)
  A rat (D:1)
6 creatures vanquished.

Vanquished Creatures (collateral kills)
  A bat (D:1)
  2 endoplasms
  2 giant cockroaches (D:1)
  A goblin (D:1)
  A hobgoblin (D:1)
  A ball python (D:1)
  2 frilled lizards (D:1)
  2 rats (D:1)
12 creatures vanquished.

Grand Total: 18 creatures vanquished

Notes
Turn   | Place    | Note
-------+----------+-------------------------------------------
     0 | D:1      | Namira the Human Summoner began the quest for the Orb.
     0 | D:1      | Reached XP level 1. HP: 13/13 MP: 3/3
   348 | D:1      | Reached XP level 2. HP: 19/19 MP: 5/5
  1818 | D:2      | Slain by a gnoll

Illustrated notes

Levels and vault maps discovered:
D:1:      evilmike_arrival_rings, layout_loops_ring, lemuel_flame_loot_1
D:2:      layout_basic

Action                     || total
---------------------------++-------
  Melee: Club              ||     6
         Staff             ||    38
   Cast: Summon Small Mamm ||    19
    Use: Potion            ||     3
         Scroll            ||     2
   Stab: Distracted        ||     1
 Armour: Robe              ||    28
  Dodge: Dodged            ||    44

Table legend: (Time is in decaauts)
 A = Elapsed time spent in this place.
 B = Non-inter-level travel time spent in this place.
 C = Inter-level travel time spent in this place.
 D = Time resting spent in this place.
 E = Time spent auto-exploring this place.
 F = Levels seen in this place.
 G = Mean time per level.
                   A        B        C        D        E       F      G
               +--------+--------+--------+--------+--------+-----+--------+
         Total |   1840 |   1840 |      0 |    909 |      0 |   2 |  920.0 |
       Dungeon |   1840 |   1840 |      0 |    909 |      0 |   2 |  920.0 |
               +--------+--------+--------+--------+--------+-----+--------+

Top non-repeatable levels by time:
     D:1: 1704 daAuts
     D:2: 136 daAuts
